cohdb
Replays
Latest Replays
All Replays
Popular Replays
Top Player Replays
Match Explorer
How It Works
Community
CoH3 Stats
Reddit
Sign in to upload your games and track your stats! →
Sign in with Steam
Match 45419027
Unlisted
Match 45419027
Overview
Messages
Build Orders
End
Selects Australian Defense Battlegroup
Selects Australian Light Infantry Section
Australian Light Infantry Section
Construct Section Command Post
ML 3-inch Mortar Team
Australian Light Infantry Section
Construct Platoon Command Post
6-pounder Anti-tank Gun Team
CMP 15cwt Truck
Infantry Training
Humber Armored Car
Vickers Machine Gun Team
Selects Defensive Tactics
Selects CMP 15cwt Supply Run
Selects Reinforced Resource Caches
Selects Hold the Line!
Hold the Line!
Humber Armored Car
Humber Armored Car
Forward Retreat Point
Unlock M3 Stuart Light Tanks
M3 Stuart Light Tank
Selects Archer Tank Destroyer
Archer Tank Destroyer
rockkiller31
MähnGiL
Barbarossa
차니
Bartolomaeus Bart
[PD] Ducktus
Nico-Nico-Nii~~
=-._.-=MR.Paul=-._.-=
0
0
Comments
sign in to comment!
No comments posted yet!